Unix NetHack Version 5.0.0-0 post-release - last build May 31 2026 23:59:36 (970b52f25bf058293b47ddfd14a1e40e571c508c,branch:main).

Game began 2026-06-08 12:40:05, ended 2026-06-08 13:37:08.

Drastanta, lawful male human Samurai

                                                     ).-
                                                     .+...
                                                     ....M.|
                                                      ...s@%
                                                        ----

Drastanta the Ninja    St:18 Dx:15 Co:18 In:11 Wi:8 Ch:6  Lawful
Dlvl:11 $:46 HP:0(75) Pw:17(17) AC:-4 Xp:7 T:4172 

Latest messages:
 The giant spider bites!
 The giant spider bites!
 a - a +0 katana (weapon in right hand).
 c - a +0 yumi (alternate weapon; not wielded).
 The ettin mummy hits!
 The ettin mummy hits again!
 The giant spider misses!
 The giant spider bites!
 You hit the ettin mummy!
 The ettin mummy hits!
 The ettin mummy knocks you back with a forceful blow!
 You bump into a giant spider.
 You stagger...
 The ettin mummy misses!
 The giant spider bites!
 The giant spider bites!
 The giant spider misses!
 The giant spider bites!
 You feel a bit steadier now.
 You hit the ettin mummy!
 The ettin mummy hits!
 The ettin mummy hits again!
 The giant spider bites!
 The giant spider just misses!
 You hit the ettin mummy!
 The ettin mummy hits!
 The ettin mummy knocks you backward with a forceful strike!
 You stagger...
 The giant spider misses!
 The giant spider misses!
 You feel a bit steadier now.
 You miss the giant spider.
 The giant spider bites!
 You miss the giant spider.
 The giant spider bites!
 You hit the ettin mummy.
 The ettin mummy hits!
 The ettin mummy knocks you backward with a forceful blow!
 What do you want to drop? [$ac-eg-jnuyzA-DFJNP-VZ or ?*] ?
 Never mind.
 You hit the giant spider!
 The giant spider bites!
 You miss the giant spider.
 You hit the giant spider!
 The ettin mummy misses!
 The ettin mummy hits!
 The giant spider bites!
 You die...
 Do you want your possessions identified? [ynq] (y) y
 Do you want to see your attributes? [ynq] (y) q

Inventory:
 Coins    ('$')
  $ - 46 gold pieces
 Weapons  (')')
  d - 22 +0 ya (in quiver)
  c - a +0 yumi (alternate weapon; not wielded)
  a - a +0 katana (weapon in right hand)
 Armor    ('[')
  S - an uncursed +0 dwarvish iron helm (being worn)
  V - an uncursed +0 pair of yugake (being worn)
  U - an uncursed +0 pair of elven boots (being worn)
  j - an uncursed +0 shield of reflection
  y - an uncursed +1 cloak of protection (being worn)
  e - an uncursed rustproof +0 splint mail (being worn)
 Comestibles  ('%')
  g - an uncursed Can of White Monster
  z - an uncursed slime mold
  A - 4 uncursed gunyoki
  Z - an uncursed lizard corpse
 Scrolls  ('?')
  Q - an uncursed scroll of create monster
  i - an uncursed scroll of destroy armor
  C - a cursed scroll of destroy armor
  D - an uncursed scroll of enchant armor
  P - an uncursed scroll of enchant weapon
  u - an uncursed scroll of light
 Wands    ('/')
  h - a wand of lightning (0:7)
 Tools    ('(')
  B - an uncursed sack containing 8 items
  J - a cursed magic marker (0:22)
  N - an uncursed magic whistle
  F - a cursed skeleton key
  n - an uncursed towel
 Gems/Stones  ('*')
  T - a cursed luckstone
  R - an uncursed touchstone

Contents of the sack:
  2217 gold pieces
  a cursed amulet of restful sleep
  an uncursed +0 cloak of magic resistance
  2 potions of unholy water
  an uncursed ring of free action
  a cursed +1 ring of gain constitution
  a cursed ring of hunger
  a cursed ring of poison resistance

Drastanta the Samurai's attributes:

Background:
 You were a Ninja, a level 7 male human Samurai.
 You were lawful, on a mission for Amaterasu Omikami
 who was opposed by Raijin (neutral) and Susanowo (chaotic).
 You were right-handed.
 You were in the Gnomish Mines, on level 11.
 You entered the dungeon 4172 turns ago.
 You had 1255 experience points, 25 more were needed to attain level 8.

Basics:
 You had 0 out of 75 hit points.
 You had all 17 energy points (spell power).
 Your armor class was -4.
 Your wallet contained 46 zorkmids, and
 you had 2217 more stashed away in your pack.
 Autopickup was on for '$' plus thrown.

Final Characteristics:
 Your strength was 18 (limit:18/100).
 Your dexterity was 15 (limit:18).
 Your constitution was 18 (limit:18).
 Your intelligence was 11 (limit:18).
 Your wisdom was 8 (limit:18).
 Your charisma was 6 (limit:18).

Final Status:
 You weren't hungry.
 You were unencumbered.
 You were wielding a long sword.
 You were skilled in long sword.

Final Attributes:
 You were piously aligned.
 You were stealthy.
 You were protected.
 You were fast.
 You were unlucky.
 You had reduced luck.
 Bad luck did not time out for you.
 You are dead.

Miscellaneous:
 You encountered 3 bones levels.
 Total elapsed playing time was 57 minutes and 3 seconds.

Major events:
 Turn
    1: Drastanta the lawful male human Samurai entered the dungeon
  333: entered the Gnomish Mines
  588: attained the rank of Ronin (level 3)
 1040: reached Mine Town
 1822: attained the rank of Ninja (level 6)
 4172: killed by a giant spider

You didn't know any spells.

Skills:
 Fighting Skills
   martial arts      [Basic]
   two weapon combat [Unskilled]
   riding            [Unskilled]
 Weapon Skills
   dagger            [Unskilled]
   knife             [Unskilled]
   short sword       [Basic]
   broadsword        [Unskilled]
   long sword        [Skilled]
   two-handed sword  [Unskilled]
   saber             [Unskilled]
   flail             [Unskilled]
   quarterstaff      [Unskilled]
   polearms          [Unskilled]
   spear             [Unskilled]
   lance             [Unskilled]
   bow               [Basic]
   shuriken          [Unskilled]
 Spellcasting Skills
   attack spells     [Unskilled]
   divination spells [Unskilled]
   clerical spells   [Unskilled]

Voluntary challenges:
 Character rerolling was not enabled.
 You never genocided any monsters.
 You never polymorphed an object.
 You never changed form.
 You used no wishes.
Achievements:
 You entered the Gnomish Mines.
 You attained the rank of Ronin.
 You entered Minetown.
 You entered a temple.
 You entered a shop.
 You attained the rank of Ninja.

 The Dungeons of Doom: levels 1 to 3
    Level 1:
       An altar, a fountain, a sink.
    Level 2:
       Some fountains.
       Stairs down to The Gnomish Mines.
    Level 3:
       A fountain.
 The Gnomish Mines: levels 3 to 11
    Level 3:
    Level 4:
       A grave.
       Final resting place for
          Nestorix-Arc-Hum-Fem-Law, killed by a hallucinogen-distorted gnome.
    Level 5:
       Many shops, a temple and an altar, a fountain, a grave.
       Final resting place for
          Trystero-Wiz-Hum-Mal-Neu, killed by a watchman.
    Level 6:
    Level 7:
       A grave.
       Final resting place for
          Enkindle23-Cav-Hum-Mal-Law, killed by a bugbear.
    Level 8:
    Level 9:
    Level 11: <- You were here.
       Final resting place for
          you, killed by a giant spider.


Vanquished creatures:
  3 ghosts
  a small mimic
  a shocking sphere
  a leather golem
  a wolf
  a leprechaun
  a gnome ruler
  a lizard
  a bugbear
 an imp
  a water nymph
  a fog cloud
  6 gnome leaders
  a gnomish wizard
 an elf zombie
  2 little dogs
  2 floating eyes
  a kitten
  4 dwarves
  a rabid rat
  a giant bat
  2 monkeys
  2 iguanas
 10 killer bees
 an acid blob
  a coyote
  2 hobbits
  a hobgoblin
  a cave spider
 29 gnomes
  3 geckos
  2 jackals
  a kobold
  2 goblins
  2 sewer rats
  3 grid bugs
  a bat
  6 lichens
  3 kobold zombies
  6 newts
111 creatures vanquished.

No species were genocided or became extinct.

Game over:
                       ----------
                      /          \
                     /    REST    \
                    /      IN      \
                   /     PEACE      \
                  /                  \
                  |    Drastanta     |
                  |     2263 Au      |
                  |   killed by a    |
                  |   giant spider   |
                  |                  |
                  |                  |
                  |       2026       |
                 *|     *  *  *      | *
        _________)/\\_//(\/(/\)/\//\/|_)_______

Sayonara Drastanta the Samurai...

You died in The Gnomish Mines on dungeon level 11 with 7567 points,
and 2263 pieces of gold, after 4172 moves.
You were level 7 with a maximum of 75 hit points when you died.

